 Dungeon Crawl Stone Soup version 0.31.0-11-ge490571c62 (webtiles) character file.

Game seed: 15920820911558914800

241706 shadowrider38 the Peltast (level 18, -1/165 (171) HPs)
             Began as a Minotaur Fighter on Jan 29, 2024.
             Was the Champion of Okawaru.
             Killed from afar by Xtahua (62 damage)
             ... with a searing blast
             ... on level 3 of the Depths.
             The game lasted 00:23:44 (23970 turns).

shadowrider38 the Peltast (Minotaur Fighter)       Turns: 23970, Time: 00:23:45

HP:   -1/165 (171)  AC: 46    Str: 32    XL:     18   Next: 7%
MP:   31/35         EV: 18    Int: 10    God:    Okawaru [******]
Gold: 761           SH: 18    Dex: 16    Spells: 17/17 levels left

rFire   . . .        a - +7 broad axe (venom)
rCold   + + .        q - +0 kite shield {reflect} {Donald}
rNeg    . . .        Y - +10 shadow dragon scales of Trumpets {god gift, *Slow rC++ Int+2 Stlth++++}
rPois   +            G - +2 hat {Will+}
rElec   .            N - +2 cloak
rCorr   .            y - +2 pair of gloves of Hubris {Rampage +Inv Will+ Str-2}
SInv    .            U - +2 pair of boots of Space {Rampage Will+ Dex+5}
Will    +++++        r - amulet of regeneration
Stlth   +++++        o - ring of Vedeesk {rPois MP+9 Int+3 Stlth+}
HPRegen 1.27/turn    K - +6 ring of strength
MPRegen 0.24/turn

%: slow self (1%), reflection, clarity, rampage
@: heroic, finesse-ful, lightly drained
A: horns 2, retaliatory headbutt, clarity, strong-willed 1
}: 2/15 runes: barnacled, gossamer
a: Renounce Religion, Evoke Invisibility, Heroism, Finesse, Duel


You were on level 3 of the Depths.
You worshipped Okawaru.
Okawaru was exalted by your worship.
You visited 8 branches of the dungeon, and saw 36 of its levels.
You visited 1 bazaar.
You also visited: Sewer, Ossuary and Bailey.

You collected 2649 gold pieces.
You spent 1888 gold pieces at shops.

Inventory:

Hand Weapons
 a - a +7 broad axe of venom (weapon)
 b - the +16 obsidian axe {god gift, drain, demonic, Mesm ^Drain Fly SInv}
   (Okawaru gifted it to you on level 4 of the Lair of Beasts)

   Mesm:      Its wielder is mesmerised by any visible foes, and it cannot be
   unequipped while any foes are visible.
   SInv:      It lets you see invisible.
   Fly:       It grants you flight.
   ^Drain:    It drains your maximum health when unequipped.
 w - a +0 broad axe of flaming
 x - a +2 long sword of distortion
Missiles
 t - 2 boomerangs (quivered) {god gift}
 F - 7 curare-tipped darts
 Z - 5 throwing nets
Armour
 q - a +0 kite shield of reflection (worn) {Donald}
 y - the +2 pair of gloves of Hubris (worn) {Rampage +Inv Will+ Str-2}
   (You bought it in a shop on level 1 of the Depths)

   Str-2:     It affects your strength (-2).
   Will+:     It increases your willpower.
   +Inv:      It lets you turn invisible.
   Rampage:   It bestows one free step when moving towards enemies.
 G - a +2 hat of willpower (worn)
 N - a +2 cloak (worn)
 U - the +2 pair of boots of Space (worn) {Rampage Will+ Dex+5}
   (You found it on level 4 of the Lair of Beasts)

   Dex+5:     It affects your dexterity (+5).
   Will+:     It increases your willpower.
   Rampage:   It bestows one free step when moving towards enemies.
 Y - the +10 shadow dragon scales of Trumpets (worn) {god gift, *Slow rC++ Int+2 Stlth++++}
   (Okawaru gifted it to you on level 4 of the Lair of Beasts)

   Int+2:     It affects your intelligence (+2).
   rC++:      It greatly protects you from cold.
   *Slow:     It may slow you when you take damage.
   Stlth++++: It makes you much more stealthy.
Jewellery
 f - a ring of protection from fire
 o - the ring of Vedeesk (left hand) {rPois MP+9 Int+3 Stlth+}
   (You found it on level 4 of the Shoals)

   [ring of poison resistance]

   Int+3:     It affects your intelligence (+3).
   rPois:     It protects you from poison MP+9: It affects your magic capacity
   (+9).
   Stlth+:    It makes you more stealthy.
 r - an amulet of regeneration (around neck)
 E - an amulet of faith
 K - a +6 ring of strength (right hand)
Wands
 g - a wand of polymorph (21)
 A - a wand of acid (3)
 D - a wand of digging (8)
 I - a wand of iceblast (46)
 V - a wand of flame (41)
Scrolls
 e - 3 scrolls of torment
 k - 5 scrolls of immolation
 n - 2 scrolls of enchant armour
 p - 6 scrolls of revelation
 B - 7 scrolls of blinking
 C - 2 scrolls of silence {!r}
 J - 3 scrolls of vulnerability
 L - 2 scrolls of enchant weapon
 O - a scroll of amnesia
 R - 14 scrolls of identify
 T - 7 scrolls of teleportation
 W - 3 scrolls of fog
 X - 4 scrolls of fear
Potions
 d - 7 potions of might
 h - 2 potions of brilliance
 i - a potion of berserk rage
 j - a potion of invisibility
 l - 4 potions of lignification
 m - 5 potions of attraction
 s - 2 potions of ambrosia
 u - 2 potions of cancellation
 v - a potion of magic
 z - 2 potions of resistance
 H - 3 potions of haste
 M - 5 potions of enlightenment
 P - 4 potions of heal wounds
 Q - 6 potions of curing
 S - 5 potions of mutation
Miscellaneous
 c - a lightning rod (4/4)


   Skills:
 + Level 17.8(22.8) Fighting
 - Level 18.9(23.9) Axes
 + Level 17.8(22.8) Armour
 - Level 11.5(16.5) Dodging
 + Level 20.2(25.2) Shields
 + Level 12.4 Invocations


You had 17 spell levels left.
You didn't know any spells.
Your spell library contained the following spells:

 Spells                   Type           Power      Damage    Failure   Level
 Necrotise                Necr           0%         1d4       65%         1
 Ensorcelled Hibernation  Hex/Ice        0%         N/A       80%         2
 Sublimation of Blood     Necr           0%         N/A       80%         2
 Frozen Ramparts          Ice            0%         1d1       95%         3
 Hailstorm                Conj/Ice       0%         3d5       95%         3
 Passwall                 Erth           0%         N/A       95%         3
 Swiftness                Air            0%         N/A       95%         3
 Vampiric Draining        Necr           0%         2d6       95%         3
 Ignite Poison            Fire/Alch      0%         N/A       100%        4
 Leda's Liquefaction      Alch/Erth      0%         N/A       100%        4
 Manifold Assault         Tloc           0%         N/A       100%        4
 Passage of Golubria      Tloc           0%         N/A       100%        4
 Petrify                  Alch/Erth      0%         N/A       100%        4
 Sticky Flame             Fire/Alch      0%         2d4       100%        4
 Curse of Agony           Necr           0%         N/A       100%        5
 Irradiate                Conj/Alch      0%         3d11      100%        5
 Metabolic Englaciation   Hex/Ice        0%         N/A       100%        5
 Yara's Violent Unravell  Hex/Alch       0%         3d3       100%        5
 Dispersal                Tloc           0%         N/A       100%        6
 Disjunction              Tloc           0%         N/A       100%        8
 Ignition                 Fire           0%         3d3       100%        8
 Summon Ice Beast         Ice/Summ       Unusable   N/A       N/A         3
 Tukima's Dance           Hex            Unusable   N/A       N/A         3
 Martyr's Knell           Necr/Summ      Unusable   N/A       N/A         4
 Sculpt Simulacrum        Ice/Alch       Unusable   N/A       N/A         6

Dungeon Overview and Level Annotations

Branches:
Dungeon (15/15) Zot: 26818  Temple (1/1) D:5 Zot: 5988    Lair (5/5) D:9 Zot: 26242
 Shoals (4/4) Lair:3 Zot: 22492  Spider (4/4) Lair:3 Zot: 22663   Slime (0/5) Lair:4
    Orc (2/2) D:12 Zot: 10044     Elf (0/3) Orc:2        Vaults (1/5) D:13 Zot: 5985
 Depths (4/4) D:15 Zot: 22776   Sewer (visited)         Ossuary (visited)
 Bailey (visited)
    Zot: Depths:4

Altars:
Ashenzari
Cheibriados
Dithmenos
Elyvilon
Fedhas
Gozag
Hepliaklqana
Kikubaaqudgha
Makhleb
Nemelex Xobeh
Okawaru
Qazlal
Ru
Sif Muna
Trog
Uskayaw
Vehumet
Wu Jian
Xom
Yredelemnul
Zin
The Shining One
Jiyva

Shops:
D:3 !   D:9 *   Orc:2 [(*:   Shoals:1 *   Shoals:2 *   Depths:1 [![

Portals:
Hell: Depths:1
Ice
Cave: Spider:4

Annotations:
D:1 2 transporters
D:7 3 runed translucent doors, Iich's ghost, novice DsEn
Shoals:4 3 runed translucent doors, Midpoint's ghost, adept HODe
Orc:1 1 runed translucent door, kernmantle's ghost, journeyman OpWn
Depths:3 Xtahua


Innate Abilities, Weirdness & Mutations

You have a pair of horns on your head.
You reflexively headbutt those who attack you in melee.
You possess an exceptional clarity of mind.
You are strong-willed. (Will+)


Message History

You slash Xtahua! You headbutt Xtahua!
Xtahua is moderately wounded.
You open Xtahua like a pillowcase!!! You headbutt Xtahua, but do no damage.
Xtahua is heavily wounded.
The hell knight mumbles some strange prayers to its god.
The hell knight blinks!
You hit Xtahua but do no damage. Your headbutt misses Xtahua.
Xtahua is heavily wounded.
A hell knight comes into view. It is wielding a +4 glaive.
Xtahua misses you. Xtahua closely misses you. Xtahua barely misses you.
You slice Xtahua!! You headbutt Xtahua, but do no damage.
Xtahua is heavily wounded.
You barely miss Xtahua. Your headbutt misses Xtahua.
Xtahua is heavily wounded.
You slash Xtahua!
Xtahua looks as sick as possible!
You headbutt Xtahua!
Xtahua is severely wounded.
Xtahua bites you! Xtahua claws you but does no damage.
You block Xtahua's attack.
A tentacled monstrosity comes into view.
Unknown command.
You block Xtahua's attack. Xtahua claws you. You block Xtahua's attack.
There is a stone staircase leading up, spattered with blood here.
You block Xtahua's attack. Xtahua claws you but does no damage.
Xtahua tramples you!
You hold your ground!
The necromancer hits you but does no damage.
You climb upwards.
There is a stone staircase leading down here.
Unknown command.
You hit Xtahua.
Xtahua looks as sick as possible!
Your headbutt misses Xtahua.
Xtahua is severely wounded.
You closely miss the necromancer. You hit Xtahua but do no damage.
Your headbutt misses Xtahua.
Xtahua is severely wounded.
You slice the necromancer!!
The necromancer is poisoned.
You block Xtahua's attack. Xtahua claws you but does no damage.
Xtahua tramples you!
You hold your ground!
You slice Xtahua!!
Xtahua is almost dead.
You open the necromancer like a pillowcase!!!
You kill the necromancer!
Okawaru accepts your kill.
You hit Xtahua but do no damage.
Xtahua looks as sick as possible!
You headbutt Xtahua, but do no damage.
Xtahua is almost dead.
You hit Xtahua.
Xtahua is almost dead.
Xtahua breathes fire at you. The searing blast hits you!!!
You die...
Xtahua belches a long, triumphant arc of flame.

## ##.### .....###.......
## #...#..#......
#.###............#
##....D...........####
#.....@).............##
#...#..................
##..........≈≈≈.........
.........................
#.#...####.......##.......
##...#.#.#.......#........
.................#..#.....
..........[...##.#.##.....
............##.....##....


You could see Xtahua (soul bound, extremely poisoned, catching breath).

Vanquished Creatures
  A juggernaut (Depths:2)
  Nikola (Shoals:3)
  Rupert (D:13)
  A tentacled monstrosity (Depths:2)
  2 walking frostbound tomes (Depths:2)
  2 krakens
  Frances (Shoals:1)
  2 sphinxes
  Gastronok (Lair:2)
  Donald (Spider:3)
  4 fire giants (Depths:2)
  Roxanne (Shoals:1)
  3 emperor scorpions (Spider:4)
  3 frost giants (Depths:2)
  5 spectral caustic shrikes (Depths:1)
  3 ghost moths
  An orc warlord (Orc:2)
  3 broodmothers (Spider:4)
  A very ugly thing (Depths:2)
  6 stone giants
  3 vampire knights (Depths:2)
  2 spark wasps (Depths:2)
  3 merfolk javelineers
  An ettin (D:15)
  5 merfolk impalers (Shoals:4)
  Josephine (D:15)
  2 entropy weavers
  4 fire dragons (Depths:2)
  3 rakshasas
  A vault guard (D:13)
  An ice dragon (Depths:2)
  A sphinx zombie (D:15)
  An ogre mage (Orc:2)
  4 hydras
  Erolcha (D:9)
  A boulder beetle (Spider:4)
  2 spriggan air magi (Depths:2)
  5 merfolk aquamancers
  3 merfolk avatars
  A satyr (Shoals:4)
  Erica (D:8)
  A centaur warrior (D:13)
  6 demonic crawlers
  6 tengu warriors
  11 death yaks (Lair:4)
  7 two-headed ogres
  5 deep troll earth magi
  5 deep troll shamans
  2 orc high priests
  A spriggan berserker (Depths:1)
  2 vampire magi
  A hell knight (D:15)
  2 soul eaters
  2 sun demons
  2 iron trolls
  2 pharaoh ants (Spider:4)
  3 skysharks
  9 sea snakes
  7 deep trolls
  A salamander mystic (Depths:1)
  7 orb spiders
  4 steelbarb worms
  A glowing orange brain (Depths:4)
  An arcanist (Vaults:1)
  10 harpies
  A sun moth (Spider:1)
  3 orc knights (Orc:2)
  Pikel (D:8)
  2 wolf spider zombies (D:15)
  An ironbound convoker (Vaults:1)
  3 necromancers
  2 ugly things (Vaults:1)
  8 orc sorcerers
  6 wolf spiders
  4 deep elf pyromancers
  Maurice (D:10)
  5 cyclopes
  3 fauns
  8 manticores
  3 salamanders (Depths:1)
  2 black mambas
  7 elephants
  9 centaur zombies (D:15)
  3 torpor snails
  4 water nymphs
  A kobold blastminer (Orc:2)
  Joseph (D:9)
  7 merfolk sirens
  A rust devil (D:10)
  5 kobold demonologists
  An orange demon (D:10)
  2 rime drakes
  8 cane toads
  A redback zombie (D:15)
  10 komodo dragons
  2 efreet
  2 tengu conjurers
  4 trolls
  14 merfolk
  Grinder (D:6)
  A polar bear (Lair:5)
  14 blink frogs
  11 tarantellas
  7 snapping turtles
  A glass eye (Depths:2)
  4 dream sheep (Shoals:2)
  6 culicivoras
  13 jumping spiders
  4 wyverns (D:9)
  4 water elementals (Shoals:3)
  47 yaks
  5 wraiths
  A warg (Orc:1)
  3 basilisks
  7 vampire mosquitoes
  2 steam dragons
  19 redbacks
  Edmund (D:6)
  An acid dragon (D:11)
  14 water moccasins
  25 orc warriors
  A black bear (shapeshifter) (Depths:2)
  An ice beast (D:6)
  A sky beast (D:7)
  4 black bears
  6 ogres
  A hornet zombie (D:15)
  2 laughing skulls (D:14)
  9 boggarts (D:15)
  18 wolves
  A phantom (D:7)
  A centaur (D:7)
  4 kobold brigands
  8 bullfrogs
  3 scorpions
  9 gnoll sergeants
  5 wights
  3 killer bees (D:9)
  3 electric eels
  10 howler monkeys
  A bombardier beetle (D:5)
  3 quasits (D:10)
  20 jellies
  8 orc priests
  2 centaur skeletons (Ossuary)
  2 hounds (Bailey)
  4 spectral scorpions (Ossuary)
  6 gnoll boudas (Bailey)
  5 iguanas
  2 sleepcaps
  A boggart zombie (D:15)
  24 orc wizards
  A crocodile zombie (Ossuary)
  3 mummies (Ossuary)
  26 gnolls
  11 adders
  2 river rats
  A shadow imp (D:5)
  2 white imps (D:6)
  6 ufetubi
  2 dart slugs
  A ribbon worm (D:5)
  48 orcs
  16 ball pythons
  7 bats
  6 endoplasms
  2 giant cockroaches
  4 goblins
  3 hobgoblins
  4 jackals
  21 kobolds
  3 quokkas
  5 frilled lizards
  6 kobold skeletons (Ossuary)
  22 rats
  10 spectral rats (Ossuary)
  3 tentacles
896 creatures vanquished.

Vanquished Creatures (others)
  A two-headed ogre (Orc:2)
  10 tentacles
11 creatures vanquished.

Grand Total: 907 creatures vanquished

Notes
Turn   | Place    | Note
-------+----------+-------------------------------------------
     0 | D:1      | shadowrider38 the Minotaur Fighter began the quest for the
                  | Orb.
     0 | D:1      | Reached XP level 1. HP: 19/19 MP: 0/0
   602 | D:2      | Reached XP level 2. HP: 27/27 MP: 1/1
   674 | D:2      | Reached skill level 3 in Axes
   851 | D:2      | Reached XP level 3. HP: 33/33 MP: 2/2
   960 | D:2      | Reached skill level 4 in Shields
  1732 | D:3      | Reached XP level 4. HP: 37/40 MP: 3/3
  1743 | D:3      | Found Xougg's Distillery.
  1752 | D:3      | Bought 2 potions of might for 88 gold pieces
  1991 | D:3      | Found a shimmering altar of Xom.
  2184 | D:4      | Found a glowing drain.
  2188 | Sewer    | Entered a sewer
  2312 | Sewer    | Reached XP level 5. HP: 41/47 MP: 4/4
  2450 | Sewer    | Reached XP level 6. HP: 34/55 MP: 5/5
  2703 | D:4      | Found a burning altar of Makhleb.
  2727 | D:4      | Found a glowing golden altar of the Shining One.
  2740 | D:4      | Reached skill level 5 in Shields
  2909 | D:5      | Entered Level 5 of the Dungeon
  3258 | D:5      | Found a staircase to the Ecumenical Temple.
  3265 | D:5      | Found a sand-covered staircase.
  3274 | D:5      | Reached XP level 7. HP: 49/61 MP: 6/6
  3277 | Temple   | Entered the Ecumenical Temple
  3301 | Ossuary  | Entered an ossuary
  3706 | Ossuary  | Reached skill level 6 in Shields
  3903 | D:5      | Reached XP level 8. HP: 70/70 MP: 7/7
  3922 | D:5      | Found a glowing silver altar of Zin.
  4959 | D:6      | Noticed Grinder
  4960 | D:6      | Paralysed by Grinder for 4 turns
  4966 | D:6      | Noticed Edmund
  4969 | D:6      | Killed Grinder
  4970 | D:6      | Reached skill level 9 in Axes
  4970 | D:6      | Reached skill level 7 in Shields
  4970 | D:6      | Reached XP level 9. HP: 71/79 MP: 8/8
  4971 | D:6      | Found an iron altar of Okawaru.
  4986 | D:6      | Killed Edmund
  4987 | D:6      | Reached skill level 3 in Dodging
  5182 | D:6      | Found a hazy altar of Hepliaklqana.
  5403 | D:6      | Reached skill level 9 in Fighting
  5403 | D:6      | Reached skill level 9 in Armour
  5403 | D:6      | Reached skill level 9 in Shields
  5403 | D:6      | Reached XP level 10. HP: 91/91 MP: 9/9
  5404 | D:6      | Reached skill level 10 in Shields
  5404 | D:6      | Reached XP level 11. HP: 99/99 MP: 10/10
  5552 | D:7      | Found a runed translucent gate.
  5552 | D:7      | Found a runed translucent gate.
  5552 | D:7      | Found a runed translucent gate.
  5570 | D:7      | Noticed Iich's ghost (novice DsEn)
  5650 | D:7      | Found a bloodstained altar of Trog.
  5984 | D:7      | Found a white marble altar of Elyvilon.
  6162 | D:7      | Found a snail-covered altar of Cheibriados.
  6507 | D:8      | Found an ornate altar of the Wu Jian Council.
  6604 | D:8      | Noticed Erica
  6621 | D:8      | Killed Erica
  6750 | D:8      | Noticed Pikel
  6761 | D:8      | Killed Pikel
  6877 | D:8      | Found a blossoming altar of Fedhas.
  6983 | D:8      | Found an ancient bone altar of Kikubaaqudgha.
  6983 | D:8      | Found a shimmering blue altar of Sif Muna.
  6986 | D:8      | Found a radiant altar of Vehumet.
  7324 | D:6      | Became a worshipper of Warmaster Okawaru
  7410 | D:9      | Noticed Erolcha
  7419 | D:9      | Killed Erolcha
  7430 | D:9      | Found a staircase to the Lair.
  7433 | D:9      | Reached * piety under Okawaru
  7446 | D:9      | Reached skill level 11 in Shields
  7667 | D:9      | Found a sparkling altar of Nemelex Xobeh.
  7812 | D:9      | Reached ** piety under Okawaru
  7900 | D:9      | Identified the +3 chain mail of the Grey Skies {Dex+8}
  7955 | D:9      | Found Gozag's Platinum Reserve.
  8258 | D:9      | Found an opulent altar of Gozag.
  8499 | D:9      | Noticed Joseph
  8513 | D:9      | Killed Joseph
  8559 | D:10     | Entered Level 10 of the Dungeon
  8620 | D:10     | Found a flagged portal.
  8636 | Bailey   | Entered a bailey
  8718 | Bailey   | Reached XP level 12. HP: 82/108 MP: 12/12
  9319 | D:10     | Noticed Maurice
  9329 | D:10     | Killed Maurice
  9450 | D:10     | Reached *** piety under Okawaru
  9889 | D:11     | Reached skill level 15 in Axes
  9889 | D:11     | Reached skill level 12 in Shields
 10126 | D:11     | Reached skill level 3 in Invocations
 10236 | D:11     | You fall into a shaft and drop 2 floors!
 10319 | D:13     | Noticed Rupert
 10320 | D:13     | Noticed a five-headed hydra
 10321 | D:13     | Paralysed by Rupert for 5 turns
 10331 | D:13     | Killed a two-headed hydra
 10354 | D:13     | Noticed a centaur warrior
 10362 | D:13     | Killed a centaur warrior
 10362 | D:13     | Noticed a vault guard
 10970 | D:13     | Killed a vault guard
 10970 | D:13     | Reached **** piety under Okawaru
 10993 | D:12     | Noticed a two-headed ogre
 10996 | D:12     | Killed a two-headed ogre
 11442 | D:12     | Reached ***** piety under Okawaru
 11448 | D:12     | Noticed a two-headed ogre
 11453 | D:12     | Killed a two-headed ogre
 11454 | D:12     | Reached skill level 9 in Dodging
 11471 | D:12     | Noticed a tengu warrior
 11479 | D:12     | Killed a tengu warrior
 11479 | D:12     | Received a gift from Okawaru
 11480 | D:12     | Reached XP level 13. HP: 100/117 MP: 12/15
 11581 | D:12     | Reached skill level 13 in Shields
 11762 | D:12     | Found a staircase to the Orcish Mines.
 12254 | Orc:1    | Entered Level 1 of the Orcish Mines
 12416 | Orc:2    | Entered Level 2 of the Orcish Mines
 12441 | Orc:2    | Gained mutation: Your health recovers twice as slowly from
                  | being drained. [a neqoxec]
 12442 | Orc:2    | Gained mutation: You are vulnerable to heat. (rF-) [a
                  | neqoxec]
 12632 | Orc:2    | Noticed an orc warlord
 12754 | Orc:1    | Lost mutation: Your health recovers twice as slowly from
                  | being drained. [potion of mutation]
 12754 | Orc:1    | Lost mutation: You are vulnerable to heat. (rF-) [potion of
                  | mutation]
 12754 | Orc:1    | Gained mutation: You have hidden genetic potential. [potion
                  | of mutation]
 12792 | Orc:2    | Killed an orc warlord
 12792 | Orc:2    | Received a gift from Okawaru
 13082 | Orc:2    | Found Ruochar's Antique Armour Shop.
 13169 | Orc:2    | Found Tyrhoni's General Store.
 13171 | Orc:2    | Found Fuotiden's Antique Weapon Emporium.
 13227 | Orc:2    | Found Hanuirou's Book Emporium.
 13312 | Orc:2    | Found a staircase to the Elven Halls.
 13339 | Orc:2    | Reached skill level 14 in Shields
 13339 | Orc:2    | Received a gift from Okawaru
 13408 | Orc:2    | Bought a +1 pair of gloves for 149 gold pieces
 13951 | Orc:1    | Noticed Sonja
 13956 | Orc:1    | Sonja changed into Sonja the black bear
 13956 | Orc:1    | Noticed Sonja
 13959 | Orc:1    | Killed Sonja the black bear
 13974 | Orc:1    | Found a runed translucent door.
 13974 | Orc:1    | Noticed kernmantle's ghost (journeyman OpWn)
 14289 | Lair:1   | Entered Level 1 of the Lair of Beasts
 14595 | Lair:2   | Received a gift from Okawaru
 14755 | Lair:2   | Reached XP level 14. HP: 127/127 MP: 17/17
 14984 | Lair:2   | Noticed Gastronok
 14993 | Lair:2   | Killed Gastronok
 15316 | Lair:3   | Found a hole to the Spider Nest.
 15345 | Lair:3   | Found a staircase to the Shoals.
 15365 | Lair:3   | Gained mutation: You are strong-willed. (Will+) [hidden
                  | potential]
 15597 | Lair:3   | Received a gift from Okawaru
 15615 | Lair:3   | Reached skill level 15 in Shields
 16262 | Lair:4   | Found a staircase to the Slime Pits.
 16262 | Lair:4   | Found a viscous altar of Jiyva.
 16305 | Lair:4   | Identified the +2 pair of boots of Space {Rampage Will+
                  | Dex+5}
 16568 | Lair:4   | Found a hazy altar of Hepliaklqana.
 16579 | Lair:4   | Received a gift from Okawaru
 16841 | Lair:4   | Identified the +4 ring mail of Juebejim {Int+3 Dex-2}
 16966 | Lair:4   | Identified the +2 barding "Goun" {Rampage Int+4 SInv}
 17204 | Lair:5   | Entered Level 5 of the Lair of Beasts
 17247 | Lair:5   | Reached ****** piety under Okawaru
 17433 | Lair:4   | Acquired the +10 shadow dragon scales of Trumpets {god
                  | gift, *Slow rC++ Int+2 Stlth++++}
 17433 | Lair:4   | Received a gift from Okawaru
 17448 | Lair:4   | Acquired the +16 obsidian axe {god gift, drain, demonic,
                  | Mesm ^Drain Fly SInv}
 17448 | Lair:4   | Received a gift from Okawaru
 17448 | Lair:4   | Found the +16 obsidian axe {god gift, drain, demonic, Mesm
                  | ^Drain Fly SInv}
 17463 | Lair:5   | Received a gift from Okawaru
 17469 | Lair:5   | Sergey: its a trap
 17538 | Lair:5   | Reached XP level 15. HP: 122/137 MP: 19/19
 18092 | D:13     | Killed Rupert
 18093 | D:13     | Reached skill level 16 in Shields
 18118 | D:13     | Found a gate to the Vaults.
 18515 | Shoals:1 | Entered Level 1 of the Shoals
 18574 | Shoals:1 | Noticed Roxanne
 18597 | Shoals:1 | Killed Roxanne
 18676 | Shoals:1 | Found Raofuyc's General Store.
 18682 | Shoals:1 | Identified the ring of Virtue {Fly rN+}
 18696 | Shoals:1 | Gained mutation: You possess an exceptional clarity of
                  | mind. [hidden potential]
 18696 | Shoals:1 | Lost mutation: You have hidden genetic potential. [hidden
                  | potential expressed]
 18777 | Shoals:1 | Noticed Frances
 18792 | Shoals:1 | Killed Frances
 18824 | Shoals:2 | Received a gift from Okawaru
 18915 | Shoals:2 | Found Zikot's Book Shoppe.
 18943 | Shoals:2 | Found Kyerch's Assorted Antiques.
 18956 | Shoals:2 | Bought a scroll labelled YPPUVV GUM APP for 25 gold pieces
 18956 | Shoals:2 | Bought a scroll of enchant armour for 187 gold pieces
 18956 | Shoals:2 | Bought a scroll of enchant armour for 187 gold pieces
 19100 | Shoals:3 | Noticed a kraken
 19178 | Shoals:3 | Killed a kraken
 19178 | Shoals:3 | Received a gift from Okawaru
 19309 | Shoals:4 | Entered Level 4 of the Shoals
 19346 | Shoals:4 | Noticed a kraken
 19356 | Shoals:4 | Killed a kraken
 19392 | Shoals:4 | Reached skill level 17 in Shields
 19464 | Shoals:4 | Found a runed translucent gate.
 19464 | Shoals:4 | Found a runed translucent gate.
 19465 | Shoals:4 | Found a runed translucent gate.
 19466 | Shoals:4 | Noticed Midpoint's ghost (adept HODe)
 19549 | Shoals:4 | Received a gift from Okawaru
 19678 | Shoals:4 | Identified the ring of Vedeesk {rPois MP+9 Int+3 Stlth+}
 19882 | Shoals:4 | Reached XP level 16. HP: 118/147 MP: 21/21
 19891 | Shoals:4 | Got an azure gem with 501 turns to spare
 19894 | Shoals:4 | Got a barnacled rune of Zot
 19965 | Shoals:3 | Noticed Nikola
 19976 | Shoals:3 | Killed Nikola
 19976 | Shoals:3 | Received a gift from Okawaru
 19977 | Shoals:3 | Reached skill level 15 in Fighting
 19977 | Shoals:3 | Reached skill level 15 in Armour
 19977 | Shoals:3 | Reached skill level 9 in Invocations
 20053 | Spider:1 | Entered Level 1 of the Spider Nest
 20058 | Spider:1 | Reached skill level 18 in Shields
 20360 | Spider:3 | Noticed Donald
 20376 | Spider:3 | Killed Donald
 20376 | Spider:3 | Received a gift from Okawaru
 20547 | Spider:4 | Entered Level 4 of the Spider Nest
 20770 | Spider:4 | Found a glacial archway.
 20868 | Spider:4 | Received a gift from Okawaru
 20937 | Spider:4 | Identified the scarf "Byulaq" {+Inv, rC+}
 21134 | Spider:4 | Got a milky-white gem with 1354 turns to spare
 21138 | Spider:4 | Got a gossamer rune of Zot
 21617 | Vaults:1 | Entered Level 1 of the Vaults
 22196 | Orc:2    | Bought a scroll of brand weapon for 123 gold pieces
 22309 | D:15     | Entered Level 15 of the Dungeon
 22325 | D:15     | Reached skill level 19 in Shields
 22346 | D:15     | Found a basalt altar of Yredelemnul.
 22354 | D:15     | Received a gift from Okawaru
 22392 | D:15     | Reached XP level 17. HP: 159/159 MP: 24/24
 22392 | D:15     | Noticed Josephine
 22401 | D:15     | Killed Josephine
 22403 | D:15     | Found a blossoming altar of Fedhas.
 22507 | D:15     | Found a staircase to the Depths.
 22516 | Depths:1 | Entered Level 1 of the Depths
 22518 | Depths:1 | Found a gateway to a bazaar.
 22597 | Bazaar   | Entered a bazaar
 22597 | Bazaar   | Found Secwag New's Distillery.
 22598 | Bazaar   | Found Houvun's Weapon Emporium.
 22616 | Bazaar   | Found Poih's Antique Armour Emporium.
 22626 | Bazaar   | Found Xejijam's Magic Scroll Emporium.
 22634 | Bazaar   | Bought a scroll of teleportation for 33 gold pieces
 22634 | Bazaar   | Bought a scroll of fog for 44 gold pieces
 22634 | Bazaar   | Bought a scroll of fear for 44 gold pieces
 22634 | Bazaar   | Bought a scroll of fog for 44 gold pieces
 22664 | Bazaar   | Found Myesi's Distillery.
 22672 | Bazaar   | Bought a potion of heal wounds for 65 gold pieces
 22672 | Bazaar   | Bought 2 potions of enlightenment for 130 gold pieces
 22672 | Bazaar   | Bought a potion of cancellation for 104 gold pieces
 22692 | Bazaar   | Bought a +0 broad axe of flaming for 147 gold pieces
 22814 | Depths:1 | Found a gateway to Hell.
 22834 | Depths:1 | Received a gift from Okawaru
 23157 | Depths:1 | Found Hedwiade's Antique Armour Boutique.
 23159 | Depths:1 | Found Rumuj's Distillery.
 23162 | Depths:1 | Found Atuzuoh's Antique Armour Boutique.
 23165 | Depths:1 | Bought a pair of buzzing gloves for 266 gold pieces
 23165 | Depths:1 | Identified the +2 pair of gloves of Hubris {Rampage +Inv
                  | Will+ Str-2} (You bought it in a shop on level 1 of the
                  | Depths)
 23183 | Depths:1 | Bought a potion of might for 56 gold pieces
 23183 | Depths:1 | Bought a potion of might for 56 gold pieces
 23183 | Depths:1 | Bought a potion of heal wounds for 70 gold pieces
 23183 | Depths:1 | Bought a potion of heal wounds for 70 gold pieces
 23354 | Depths:2 | Noticed a sphinx
 23356 | Depths:2 | Identified the +6 flail of the Feeding Gods {flame, Str-2
                  | Int+6}
 23358 | Depths:2 | Noticed a tentacled monstrosity
 23365 | Depths:2 | Identified the +5 trident of the Scorching Penguin {drain,
                  | rElec rF++}
 23366 | Depths:2 | Noticed a walking frostbound tome
 23374 | Depths:2 | Killed a tentacled monstrosity
 23382 | Depths:2 | Killed a sphinx
 23383 | Depths:2 | Noticed a walking frostbound tome
 23412 | Depths:2 | Received a gift from Okawaru
 23413 | Depths:2 | Noticed a juggernaut
 23422 | Depths:2 | Killed a walking frostbound tome
 23514 | Depths:2 | Killed a walking frostbound tome
 23586 | Depths:2 | Reached skill level 20 in Shields
 23604 | Depths:2 | Killed a juggernaut
 23604 | Depths:2 | Received a gift from Okawaru
 23727 | Depths:2 | Identified the +1 spear "With Two Names" {heavy, rC+++ MP-9
                  | Str-5 SInv}
 23903 | Depths:3 | Noticed a sphinx
 23916 | Depths:3 | Killed a sphinx
 23917 | Depths:3 | Reached XP level 18. HP: 149/157 MP: 26/26
 23932 | Depths:4 | Entered Level 4 of the Depths
 23939 | Depths:4 | Noticed Xtahua
 23963 | Depths:4 | Noticed a tentacled monstrosity
 23970 | Depths:3 | Killed from afar by Xtahua

Illustrated notes

Levels and vault maps discovered:
D:1:      spicycebolla_arrival_transporter_tutorial, layout_loops_ring
D:2:      layout_loops_ring, corexii_leaking_fountain, amethyst_killhole,
          minmay_misc_feat_rugged
D:3:      layout_basic, mainiacjoe_overflow_alcove_2, serial_shops,
          nicolae_shop_gibbet_a_chance, st_stairs_5, lightli_corner_chamber
D:4:      layout_cave_pools, mainiacjoe_overflow_big_doors, gup_sewer_entry_bowl
D:5:      layout_loops_cross, zin_academy, minmay_temple_entry_statues_pillars,
          nicolae_ossuary_entry_monument
D:6:      wad_crossroads, layout_rooms, mainiacjoe_overflow_catwalk,
          kennysheep_mini, roderic_three_in_a_row, uniq_edmund, uniq_grinder
D:7:      layout_basic, lemuel_round_altar, lemuel_doored_altar,
          marbit_many_paths, gammafunk_ghost_nasty_kobolds, minmay_manual_mullet
D:8:      layout_basic, palyth_temple_overflow_mages,
          mainiacjoe_overflow_tiny_flanked, nzn_wu_jian_contemplation,
          uniq_erica, uniq_pikel
D:9:      layout_basic, nicolae_gozag_zags_fifth_avenue,
          nemelex_spade_bored_becter, minmay_lair_entry_grove, uniq_erolcha,
          uniq_joseph
D:10:     layout_roguey, serial_demonic, serial_demonic_c, serial_demonic_e,
          serial_demonic_d, serial_demonic_g, enter_bailey_1,
          chequers_serial_rivers_room_b, uniq_maurice
D:11:     layout_roguey
D:12:     layout_basic, david_orc_4, minivault_27, nicolae_sextant,
          chequers_mini_garden
D:13:     layout_basic, david_vaults_5, uniq_rupert
D:14:     layout_stronghold, serial_bayou_pond_a, enter_trove_1, serial_shops,
          shop, minmay_misc_feat_columns, minmay_misc_feat_doors,
          grunt_decor_resistance, uniq_agnes
D:15:     hangedman_depths_entry_civil_slaughter, layout_gridville,
          fedhas_altar_3, nicolae_yredelemnul_corpse_copse, uniq_josephine
Temple:   hellmonk_temple_micro_hex
Lair:1:   layout_cave_pods, enter_volcano_1, grunt_forest_small_clearings,
          columned_hall_lemuel, grunt_megastairs_4
Lair:2:   layout_hall_layers, minivault_11, minmay_hedge_maze,
          serial_bayou_shore_a, serial_bayou_shore_b, uniq_gastronok
Lair:3:   layout_cave_pods, minmay_shoals_entry_lonely_mermaid,
          dummy_spider_entry
Lair:4:   layout_regular_city, minmay_slime_entry_jelly_boxes, basic_altar
Lair:5:   gammafunk_lair_ancient_temple, layout_loops_ring, pond
Shoals:1: layout_shoals, ebering_ghost_davey_jones, serial_shops,
          nicolae_shop_hallway_stairs, nicolae_shoals_kraken_intersection,
          uniq_frances, uniq_roxanne
Shoals:2: argonaut_golden_fleece, layout_shoals, serial_shops,
          nicolae_book_shop_shelving, shop
Shoals:3: layout_shoals, uniq_louise, uniq_nikola, uniq_ilsuiw
Shoals:4: shoals_end_simple, layout_shoals, gammafunk_ghost_tricky_traps,
          uniq_polyphemus
Spider:1: layout_chambers
Spider:2: layout_spider_delve
Spider:3: layout_spider_delve, uniq_donald
Spider:4: guppyfry_spider_rune, portal_ice_cave_entry_pillars_1
Orc:1:    layout_caves, ebering_ghost_inner_flame, uniq_sonja
Orc:2:    grunt_orc_gardens, layout_diamond_mine, grunt_orc_garden,
          grunt_orc_garden, grunt_orc_garden, grunt_orc_garden, basic_altar
Vaults:1: ontoclasm_vaults_gallery, serial_library_regret_index_small_wings,
          vaults_room_large_hall, nicolae_vaults_storage_room_water,
          vaults_room_door_ring, grunt_vaults_hallway_long,
          ontoclasm_vaults_spin, nicolae_vaults_ellipses_ellipsis,
          nicolae_vaults_more_shelving_2, v_pattern_4,
          nicolae_vaults_trapezoid_4, v_misc_3, layout_vaults_big_room,
          uniq_boris, uniq_aizul
Depths:1: layout_basic, serial_shops, bzr_entry_dummy, pf_hell_entry_tar_river,
          grunt_decor_one_mirror, lemuel_zombie_altar_kikubaaqudgha,
          minmay_shop_star
Depths:2: minmay_the_grid_square_5x5_4x4
          [minmay_the_grid_square_5x5_pentomino_r,
          minmay_the_grid_square_5x5_longway,
          minmay_the_grid_square_5x5_moneybag,
          minmay_the_grid_square_5x5_tetrominoes,
          minmay_the_grid_square_5x5_two_walls_b,
          minmay_the_grid_square_5x5_prize_monsterx,
          minmay_the_grid_square_5x5_prize_itemx,
          minmay_the_grid_square_5x5_intrusive_squares,
          minmay_the_grid_square_5x5_eight,
          minmay_the_grid_square_5x5_prize_snowflake,
          minmay_the_grid_square_5x5_prize_junk,
          minmay_the_grid_square_5x5_inset, minmay_the_grid_square_5x5_comb,
          minmay_the_grid_square_5x5_checkered_statues,
          minmay_the_grid_square_5x5_inner_z,
          minmay_the_grid_square_5x5_three_small], layout_gridville,
          hellmouth_3, grunt_pan_entry_spiral,
          nicolae_concentric_dashed_squares_wild, serial_bayou_shore_b
Depths:3: lemuel_flame_loot_2, layout_cave_pools, hell_entry,
          abyss_entry_glasseish, hangedman_abyss_or_decor_slice,
          dreamdust_wishing_well, grunt_megastairs_1
Depths:4: evilmike_zot_entry_diamond, layout_cave_pools, enter_ziggurat_b,
          abyss_entry, serial_bayou_pond_a, hell_entry, bh_walls_and_bars,
          uniq_xtahua

Skill      XL: |  1  2  3  4  5  6  7  8  9 10 11 12 13 14 15 16 17 |
---------------+----------------------------------------------------+-----
Axes           | 3 4 5 6 7 9 12 13 14 15 16 18 | 18.9
Fighting       | 4 5 6 7 9 10 11 12 13 14 16 17 | 17.8
Armour         | 4 5 6 7 9 10 11 12 13 14 16 17 | 17.8
Shields        | 4 5 6 7 9 10 11 12 14 15 17 19 20 | 20.2
Dodging        | 2 5 7 8 9 10 11 | 11.5
Invocations    | 1 4 5 7 8 10 12 | 12.4

Action                     |  1- 3 |  4- 6 |  7- 9 | 10-12 | 13-15 | 16-18 || total
---------------------------+-------+-------+-------+-------+-------+-------++-------
  Melee: War axe           |    70 |   118 |   175 |   399 |   394 |       ||  1156
         Headbutt          |     7 |    17 |    41 |    76 |   157 |   164 ||   462
         Hand axe          |       |       |       |     3 |    19 |       ||    22
         Broad axe         |       |       |       |       |   281 |   602 ||   883
  Throw: Dart              |       |       |       |       |       |     1 ||     1
 Invoke: Heroism           |       |       |       |     7 |     8 |     8 ||    23
         Finesse           |       |       |       |       |     2 |     2 ||     4
         Receive Weapon    |       |       |       |       |     1 |       ||     1
         Receive Armour    |       |       |       |       |     1 |       ||     1
  Evoke: Wand              |       |       |       |       |     1 |       ||     1
    Use: Scroll            |       |     2 |    10 |     9 |     8 |    13 ||    42
         Potion            |       |       |     4 |    10 |     3 |     5 ||    22
   Stab: Invisible         |       |       |       |    14 |       |       ||    14
         Sleeping          |       |       |       |       |     6 |     9 ||    15
         Distracted        |       |       |       |       |     1 |     2 ||     3
 Armour: Scale mail        |    60 |     5 |     7 |   239 |       |       ||   311
         Chain mail        |       |   161 |   112 |   109 |   329 |       ||   711
         Shadow dragon sca |       |       |       |       |   167 |   429 ||   596
  Dodge: Dodged            |    46 |    90 |    64 |   241 |   405 |   291 ||  1137
  Block: Buckler           |    29 |    46 |    41 |   164 |   213 |       ||   493
         Kite shield       |       |       |       |       |   138 |   506 ||   644
         Reflection        |       |       |       |       |       |     3 ||     3
